 Dungeon Crawl Stone Soup version 0.27-a0-1525-g1038ab4fd7 (console) character file.

Game seed: 7866721759702753984

65869 jejorda2 the Phalangite (level 15, -1/120 HPs)
             Began as a Merfolk Berserker on July 11, 2021.
             Was a High Priest of Trog.
             Slain by an orc knight (7 damage)
             ... on level 2 of the Orcish Mines.
             The game lasted 00:41:12 (24101 turns).

jejorda2 the Phalangite (Merfolk Berserker)        Turns: 24101, Time: 00:41:12

Health: -1/120     AC: 23    Str: 33    XL:     15   Next: 17%
Magic:  15/15      EV: 20    Int:  4    God:    Trog [*****.]
Gold:   2115       SH:  0    Dex: 14    Spells: 14/14 levels left

rFire    . . .     SeeInvis .   a - +7 bardiche {vorpal, rPois Str+3 Int-3}
rCold    . . .     Faith    .   (shield currently unavailable)
rNeg     . . .     Spirit   .   E - +1 plate armour "Xaam" {rPois Will+ Slay+5}
rPois    +         Reflect  .   l - +2 helmet
rElec    .         Harm     .   (no cloak)
rCorr    .         Rampage  .   C - +0 pair of gloves of Lugonu's Scorn {Str+6 Dex-4}
Will     ++...                  W - +2 pair of boots {Fly}
Stlth    ..........             S - amulet of the acrobat
HPRegen  0.30/turn              V - +4 ring of evasion
MPRegen  0.14/turn              t - ring "Giceash" {EV+4 Dex+5}

@: about to teleport, on berserk cooldown, flying, slowed, very slow
A: (nimble swimmer 2), mertail
a: Renounce Religion, Berserk, Trog's Hand, Brothers in Arms


You were on level 2 of the Orcish Mines.
You worshipped Trog.
Trog was extremely pleased with you.
You visited 3 branches of the dungeon, and saw 18 of its levels.
You also visited: Volcano.

You collected 2977 gold pieces.
You spent 862 gold pieces at shops.

Inventory:

Hand Weapons
 a - the +7 bardiche of Optimality (weapon) {vorpal, rPois Str+3 Int-3}
   (Trog gifted it to you on level 2 of the Orcish Mines)

   It inflicts extra damage upon your enemies.
   Str:       It affects your strength (+3).
   Int:       It affects your intelligence (-3).
   rPois:     It protects you from poison.
 b - a +2 glaive of flaming
 w - a +1 antimagic bardiche
 N - a +0 glaive
Missiles
 h - 26 boomerangs
 s - 7 atropa-tipped darts
 u - 3 throwing nets
 B - 13 poisoned darts (quivered)
 D - a curare-tipped dart
 L - 3 javelins
 Q - 7 silver boomerangs
Armour
 l - a +2 helmet (worn)
 C - the +0 pair of gloves of Lugonu's Scorn (worn) {Str+6 Dex-4}
   (You found it on level 9 of the Dungeon)

   Str:       It affects your strength (+6).
   Dex:       It affects your dexterity (-4).
 E - the +1 plate armour "Xaam" (worn) {rPois Will+ Slay+5}
   (You bought it in a shop on level 4 of the Dungeon)

   Slay:      It affects your accuracy & damage with ranged weapons and melee
   (+5).
   rPois:     It protects you from poison.
   Will:      It increases your willpower.
 W - a +2 pair of boots of flying (worn)
Jewellery
 p - a ring of protection from fire
 t - the ring "Giceash" (right hand) {EV+4 Dex+5}
   (You found it on level 6 of the Dungeon)

   [ring of evasion]

   EV:        It affects your evasion (+4).
   Dex:       It affects your dexterity (+5).
 A - a ring of ice
 J - a ring of positive energy
 S - an amulet of the acrobat (around neck)
 V - a +4 ring of evasion (left hand)
Wands
 c - a wand of flame (81)
 k - a wand of iceblast (38)
 q - a wand of polymorph (9)
 y - a wand of digging (12)
 F - a wand of mindburst (6)
 H - a wand of charming (8)
 I - a wand of acid (11)
Scrolls
 g - 5 scrolls of teleportation
 x - 5 scrolls of enchant armour
 z - a scroll of blinking
 K - a scroll of enchant weapon
 U - a scroll of fog
Potions
 d - 3 potions of invisibility
 e - 2 potions of degeneration {unknown}
 f - 2 potions of flight {unknown}
 i - 2 potions of might {unknown}
 j - 2 potions of attraction
 m - 3 potions of cancellation
 n - 3 potions of mutation
 o - 6 potions of lignification
 r - 8 potions of curing
 v - 4 potions of heal wounds
 G - a potion of experience {unknown}
 M - a potion of berserk rage {unknown}
 P - 4 potions of resistance {unknown}
 R - a potion of haste {unknown}
 T - 2 potions of brilliance {unknown}
Miscellaneous
 O - a lightning rod (4/4)


   Skills:
 - Level 12.0 Fighting
 + Level 21.4 Polearms
 * Level 9.4 Throwing
 + Level 9.7 Armour
 - Level 9.6 Dodging
 - Level 6.0 Evocations


You had 14 spell levels left.
You didn't know any spells.
Your spell library was empty.

Dungeon Overview and Level Annotations

Branches:
Dungeon (10/15)            Temple (0/1) D:7            Lair (6/6) D:9
  Swamp (0/4) Lair:2       Spider (0/4) Lair:4        Slime (0/5) Lair:5
    Orc (2/2) D:10            Elf (0/3) Orc:2       Volcano (visited)

Altars:
Cheibriados
Elyvilon
Gozag
Hepliaklqana
Kikubaaqudgha
Nemelex Xobeh
Ru
Trog
Vehumet
Beogh

Shops:
D:4 [!   D:6 [   D:9 *   Orc:2 *


Innate Abilities, Weirdness & Mutations

((You are quick and stealthy near water. (Stealth+, EV+, Speed+++)))
Your lower body shifts to a powerful aquatic tail in water.


Message History

The orc warrior hits you from afar with a +0 glaive!
The orc high priest utters an invocation to Beogh.
The orc priest invokes the aid of Beogh against you.
Beogh smites you!
You are too injured to fight recklessly!
You are too injured to fight recklessly!
You are too injured to fight recklessly!
Unknown command.
You are too injured to fight recklessly!
You barely miss the orc knight.
The orc knight is almost dead.
You are no longer berserk.
You are exhausted.
You feel yourself slow down.
The orc warrior no longer looks unusually strong.
The orc high priest no longer looks unusually strong.
The orc knight roars a battlecry!
The orcs go into a battle-frenzy!
The orc warrior hits you from afar with a +0 glaive!
The orc high priest calls upon Beogh to heal the orc high priest.
The orc high priest is healed somewhat.
You hear a horrible gurgling sound!
Unknown command.
Unknown command.
Unknown command.
As you read the scroll of teleportation, it crumbles to dust.
You feel strangely unstable.
The orc high priest no longer looks unusually strong.
The orc knight hits you with a +1 long sword!!
* * * LOW HITPOINT WARNING * * *
The orc warrior misses you. The orc warrior completely misses you.
The orc warrior closely misses you.
The orc high priest hits you from afar with a +0 glaive.
* * * LOW HITPOINT WARNING * * *
The smoke demon gestures at you. Beogh smites you!
* * * LOW HITPOINT WARNING * * *
The orc warrior completely misses you.
The orc knight hits you with a +1 long sword!
You die...

#.. #...#...
#... .........
... #...#....
#...oo......#
#..4#.3o#...#
#..ooooo..#
#.3#oo.#..#
#.o@o...#
###.#.###
#.....#
###.#.###
##.......#
#..#...#..#
##.........#
#...#...#...#
##...........#
###


You could see an orc knight (strong), 2 orc high priests, 2 smoke demons, a
chaos spawn (summoned), 8 orc warriors and an orc priest (strong).

Vanquished Creatures
  Gastronok (Lair:1)
  Fannar (Lair:1)
  Harold (D:9)
  4 hydras
  Erica (D:8)
  A catoblepas (Lair:6)
  9 death yaks
  A two-headed ogre (D:7)
  2 orc high priests (Orc:2)
  A bog body (Lair:2)
  Pikel (D:7)
  2 lindwurms (Volcano)
  8 orc knights
  2 orc sorcerers (Orc:2)
  A toenail golem (Volcano)
  3 black mambas
  8 elephants
  2 molten gargoyles (Volcano)
  24 cane toads
  3 rime drakes
  Joseph (D:7)
  Maggie (D:7)
  2 efreet (Volcano)
  7 komodo dragons
  3 polar bears
  4 tyrant leeches (Lair:6)
  Prince Ribbit (D:4)
  10 dream sheep
  27 blink frogs
  2 wyverns
  A redback (Lair:3)
  A spriggan (Lair:5)
  A wraith (D:10)
  32 yaks
  6 fire elementals (Volcano)
  2 basilisks
  A steam dragon (D:5)
  6 vampire mosquitoes (Lair:6)
  The ghost of snetch the Magician, an amateur DjFE of Okawaru (D:4)
  3 wargs (D:9)
  2 hell hounds (Lair:4)
  An acid dragon (D:9)
  11 water moccasins
  4 black bears
  An ice beast (D:7)
  27 orc warriors
  3 sky beasts
  A necrophage (D:6)
  2 hornet zombies
  3 ogres
  17 wolves
  A centaur (D:9)
  A lemure (D:7)
  3 phantoms
  2 kobold brigands (D:9)
  3 scorpions
  27 bullfrogs
  3 earth elementals (Volcano)
  A wyvern skeleton (D:7)
  2 water moccasin zombies
  2 water moccasin skeletons
  18 killer bees
  8 wights
  2 electric eels
  A bullfrog zombie (D:5)
  2 centaur zombies
  A gnoll shaman (D:6)
  15 jellies
  4 hounds
  23 orc priests
  2 bullfrog skeletons (D:6)
  4 centaur skeletons
  2 iguanas
  20 orc wizards
  A killer bee zombie (D:4)
  A hound skeleton (D:4)
  A howler monkey skeleton (D:7)
  Robin (D:2)
  7 gnolls
  7 adders
  3 white imps
  2 ufetubi (D:4)
  3 worms
  A dart slug (D:4)
  95 orcs
  6 ball pythons
  9 endoplasms
  A giant cockroach (D:2)
  11 goblins
  8 hobgoblins
  3 jackals (D:1)
  2 quokkas
  2 bats (D:1)
  2 frilled lizards
  17 kobolds
  2 rats (D:1)
  A butterfly (Lair:4)
  A fire vortex (Volcano)
594 creatures vanquished.

Vanquished Creatures (collateral kills)
  3 orc knights
  3 orc warriors (Orc:2)
  An orc priest (Orc:2)
  An orc wizard (Orc:1)
  2 orcs (Orc:1)
10 creatures vanquished.

Vanquished Creatures (others)
  15 fungi
  70 plants
85 creatures vanquished.

Grand Total: 689 creatures vanquished

Notes
Turn   | Place    | Note
-------+----------+-------------------------------------------
     0 | D:1      | jejorda2 the Merfolk Berserker began the quest for the Orb.
     0 | D:1      | Reached XP level 1. HP: 18/18 MP: 1/1
     6 | D:1      | Found a faded altar of an unknown god.
   288 | D:1      | Reached XP level 2. HP: 22/24 MP: 2/2
   632 | D:1      | Reached skill level 5 in Polearms
  1573 | D:2      | Reached XP level 3. HP: 11/29 MP: 3/3
  1916 | D:2      | Noticed Robin
  1939 | D:2      | Killed Robin
  2230 | D:2      | Reached XP level 4. HP: 37/37 MP: 4/4
  2365 | D:2      | Reached ** piety under Trog
  2439 | D:2      | Reached skill level 6 in Polearms
  2636 | D:3      | Found a hazy altar of Hepliaklqana.
  2647 | D:2      | Reached XP level 5. HP: 33/42 MP: 5/5
  3090 | D:3      | Reached skill level 7 in Polearms
  3862 | D:4      | Reached XP level 6. HP: 41/49 MP: 6/6
  4059 | D:4      | Found Inerchiubre's Armour Boutique.
  4143 | D:4      | Found Haoppipi's Distillery.
  4148 | D:4      | Bought a potion of curing for 39 gold pieces
  4294 | D:4      | Reached *** piety under Trog
  4298 | D:4      | Reached skill level 8 in Polearms
  4342 | D:4      | Noticed a black bear
  4351 | D:4      | Killed a black bear
  4352 | D:4      | Reached skill level 5 in Fighting
  4352 | D:4      | Reached XP level 7. HP: 56/56 MP: 7/7
  4397 | D:4      | Found a runed translucent gate.
  4397 | D:4      | Found a runed translucent gate.
  4397 | D:4      | Found a runed translucent gate.
  4398 | D:4      | Noticed snetch's ghost (amateur DjFE)
  4430 | D:4      | Reached skill level 9 in Polearms
  4883 | D:4      | Killed snetch's ghost
  5057 | D:5      | Entered Level 5 of the Dungeon
  5066 | D:4      | Reached XP level 8. HP: 40/64 MP: 8/8
  5143 | D:5      | Noticed Prince Ribbit
  5158 | D:4      | Reached skill level 10 in Polearms
  5586 | D:4      | Killed Prince Ribbit
  5880 | D:5      | Reached skill level 11 in Polearms
  6164 | D:5      | Reached skill level 12 in Polearms
  6293 | D:5      | Found an opulent altar of Gozag.
  6340 | D:5      | Reached XP level 9. HP: 69/69 MP: 9/9
  6364 | D:5      | Reached **** piety under Trog
  6712 | D:5      | Found a white marble altar of Elyvilon.
  7188 | D:6      | Reached skill level 13 in Polearms
  7421 | D:6      | Reached skill level 5 in Armour
  7685 | D:6      | Identified the ring "Giceash" {EV+4 Dex+5}
  8182 | D:6      | Reached skill level 14 in Polearms
  8345 | D:6      | Found Tazuhetz's Armour Shop.
  8715 | D:7      | Noticed a two-headed ogre
  8724 | D:7      | Killed a two-headed ogre
  8725 | D:7      | Reached skill level 15 in Polearms
  8725 | D:7      | Reached XP level 10. HP: 76/76 MP: 10/10
  8917 | D:7      | Noticed Joseph
  8930 | D:7      | Killed Joseph
  8931 | D:7      | Reached skill level 1 in Evocations
  9242 | D:7      | Found a staircase to the Ecumenical Temple.
  9314 | D:7      | Noticed Maggie
  9347 | D:7      | Killed Maggie
  9348 | D:7      | Reached skill level 16 in Polearms
  9577 | D:7      | Noticed Pikel
  9591 | D:7      | Killed Pikel
 10259 | D:8      | Reached skill level 5 in Dodging
 10340 | D:8      | Noticed Erica
 10353 | D:8      | Killed Erica
 11156 | D:9      | Identified the +0 pair of gloves of Lugonu's Scorn {Str+6
                  | Dex-4}
 11190 | D:9      | Noticed Harold
 11201 | D:9      | Killed Harold
 11202 | D:9      | Reached skill level 17 in Polearms
 11202 | D:9      | Reached XP level 11. HP: 80/81 MP: 11/11
 11378 | D:9      | Found a staircase to the Lair.
 11463 | D:9      | Found Nol Cos's General Store.
 11688 | D:9      | Reached ***** piety under Trog
 12052 | D:9      | Found an ancient bone altar of Kikubaaqudgha.
 12277 | D:10     | Entered Level 10 of the Dungeon
 12308 | D:10     | Reached skill level 5 in Evocations
 12312 | D:10     | Reached skill level 18 in Polearms
 12503 | D:10     | Found a staircase to the Orcish Mines.
 12956 | D:10     | Found a bloodstained altar of Trog.
 12959 | D:10     | Found a sacrificial altar of Ru.
 12959 | D:10     | Found a sparkling altar of Nemelex Xobeh.
 12970 | D:10     | Found a snail-covered altar of Cheibriados.
 12973 | D:10     | Found a radiant altar of Vehumet.
 13307 | D:4      | Bought the +1 plate armour "Xaam" {rPois Will+ Slay+5} for
                  | 658 gold pieces
 13464 | Lair:1   | Entered Level 1 of the Lair of Beasts
 13464 | Lair:1   | Noticed Fannar
 13464 | Lair:1   | Noticed a four-headed hydra
 13471 | Lair:1   | Killed Fannar
 13471 | Lair:1   | Received a gift from Trog
 13477 | Lair:1   | Killed a four-headed hydra
 13554 | Lair:1   | Reached skill level 19 in Polearms
 13919 | Lair:1   | Noticed Gastronok
 13938 | Lair:1   | Killed Gastronok
 13939 | Lair:1   | Reached skill level 20 in Polearms
 13939 | Lair:1   | Reached XP level 12. HP: 78/88 MP: 12/12
 14080 | Lair:1   | Identified a scroll of acquirement
 14080 | Lair:1   | Acquired 1040 gold pieces
 14395 | Lair:2   | Noticed a seven-headed hydra
 14404 | Lair:2   | Killed a seven-headed hydra
 15011 | Lair:2   | Found a staircase to the Swamp.
 15611 | Lair:3   | Reached skill level 5 in Throwing
 16322 | Lair:3   | Reached skill level 10 in Fighting
 16634 | Lair:4   | Found a dark tunnel.
 16654 | Volcano  | Entered a volcano
 16666 | Volcano  | Reached XP level 13. HP: 84/103 MP: 13/13
 17570 | D:4      | Bought a +1 pair of boots of flying for 165 gold pieces
 17888 | Lair:4   | Found a hole to the Spider Nest.
 19146 | Lair:5   | Found a staircase to the Slime Pits.
 19955 | Lair:5   | Reached XP level 14. HP: 115/115 MP: 14/14
 20483 | Lair:6   | Entered Level 6 of the Lair of Beasts
 21030 | Lair:6   | Received a gift from Trog
 21078 | Lair:6   | Reached ****** piety under Trog
 22226 | Lair:6   | Reached skill level 21 in Polearms
 22340 | Orc:1    | Entered Level 1 of the Orcish Mines
 22505 | Orc:1    | Found a runed translucent door.
 22636 | Orc:1    | Received a gift from Trog
 22782 | Orc:2    | Entered Level 2 of the Orcish Mines
 23054 | Orc:2    | Found a staircase to the Elven Halls.
 23329 | Orc:2    | Found Etuvux's Assorted Antiques.
 23390 | Orc:2    | Identified the +7 bardiche of Optimality {vorpal, rPois
                  | Str+3 Int-3} (Trog gifted it to you on level 2 of the
                  | Orcish Mines)
 23390 | Orc:2    | Received a gift from Trog
 23505 | Orc:2    | Reached XP level 15. HP: 75/120 MP: 15/15
 24101 | Orc:2    | HP: 6/120 [smoke demon/divine providence[an orc high
                  | priest] (14)]
 24101 | Orc:2    | Slain by an orc knight

Illustrated notes

Levels and vault maps discovered:
D:1:      dpeg_arrival_tiny_a, layout_basic,
          hellmonk_ecumenical_altar_arch_garden, minmay_ruptured
D:2:      layout_rooms, uniq_robin
D:3:      layout_basic, amcnicky_altar_gilded
D:4:      layout_basic, serial_shops, nicolae_square_shop,
          gammafunk_ghost_necromancy, nrook_mini_backslash,
          minmay_shop_grid_forest
D:5:      layout_rooms, elyvilon_altar_1, old_standard_altar,
          uniq_prince_ribbit1
D:6:      layout_loops_cross, serial_shops, shop, kennysheep_diamond,
          minmay_checkerbox
D:7:      layout_basic, minmay_temple_entry_gardened_gates,
          minmay_misc_feat_ornament, uniq_pikel, uniq_joseph, uniq_maggie
D:8:      layout_layer_cave, uniq_erica
D:9:      layout_basic, nicolae_kikubaaqudgha_miasma_corner,
          erik_lair_orcish_takeover, serial_shops, nicolae_shop_behind_doors,
          grunt_decor_one_mirror, uniq_harold
D:10:     layout_roguey, minmay_overflow_temple_star_hex, david_orc_2,
          palyth_stone_intersect, nicolae_sextant
Lair:1:   layout_regular_city, uniq_fannar, uniq_gastronok
Lair:2:   layout_small_grid, skrybe_swamp_entry_bodies
Lair:3:   layout_gridlike
Lair:4:   layout_layer_cave, spider_nest_entry_webs, enter_volcano_3,
          grunt_forest_small_clearing_treed, lemuel_fruit_fields,
          lemuel_fruit_fields
Lair:5:   layout_regular_city, minmay_slime_entry_jelly_boxes,
          grunt_forest_stairs_clearing
Lair:6:   minmay_lair_end_frog_pond, layout_hall_layers
Orc:1:    layout_caves, lightli_church_of_beogh
Orc:2:    st_orc_pillars, layout_diamond_mine, serial_shops,
          nicolae_shop_temple_entry_statues_fountains

Skill      XL: |  1  2  3  4  5  6  7  8  9 10 11 12 13 14 15 |
---------------+----------------------------------------------+-----
Polearms       | 5 6 7 8 9 12 15 17 20 21 | 21.4
Fighting       | 4 5 6 10 12 | 12.0
Armour         | 2 3 4 6 7 9 |  9.7
Dodging        | 6 8 9 |  9.6
Evocations     | 4 6 |  6.0
Throwing       | 2 6 7 8 9 |  9.4

Action                   |  1- 3 |  4- 6 |  7- 9 | 10-12 | 13-15 || total
-------------------------+-------+-------+-------+-------+-------++-------
Melee: Spear             |   144 |   205 |   484 |   126 |       ||   959
       Tailslap          |       |       |     2 |       |       ||     2
       Glaive            |       |       |       |   226 |   695 ||   921
       Demon trident     |       |       |       |   279 |       ||   279
       Bardiche          |       |       |       |       |    82 ||    82
Throw: Dart              |       |       |     1 |       |     3 ||     4
Invok: Berserk           |     2 |     3 |    12 |     8 |     8 ||    33
       Trog's Hand       |       |       |       |     3 |     5 ||     8
       Brothers in Arms  |       |       |       |       |     2 ||     2
  Use: Scroll            |       |       |     9 |    10 |     4 ||    23
       Potion            |       |       |       |       |     1 ||     1
 Stab: Sleeping          |     1 |     1 |     1 |       |       ||     3
       Distracted        |       |       |       |       |     2 ||     2
Armor: Animal skin       |    11 |       |       |       |       ||    11
       Leather armour    |     6 |    43 |    17 |       |       ||    66
       Ring mail         |       |       |    49 |       |       ||    49
       Scale mail        |       |       |    54 |    23 |       ||    77
       Chain mail        |       |       |       |    60 |       ||    60
       Plate armour      |       |       |       |    66 |   179 ||   245
Dodge: Dodged            |    39 |    88 |   179 |   243 |   399 ||   948

Table legend: (Time is in decaauts)
 A = Elapsed time spent in this place.
 B = Non-inter-level travel time spent in this place.
 C = Inter-level travel time spent in this place.
 D = Time resting spent in this place.
 E = Time spent auto-exploring this place.
 F = Levels seen in this place.
 G = Mean time per level.
                   A        B        C        D        E       F      G
               +--------+--------+--------+--------+--------+-----+--------+
         Total |  23578 |  21940 |   1638 |   2128 |  16643 |  19 | 1240.9 |
       Dungeon |  13573 |  12509 |   1064 |   1394 |   9504 |  10 | 1357.3 |
          Lair |   7644 |   7101 |    543 |    242 |   5958 |   6 | 1274.0 |
  Orcish Mines |   1710 |   1679 |     31 |    218 |    978 |   2 |  855.0 |
       Volcano |    649 |    649 |      0 |    273 |    203 |   1 |  649.0 |
               +--------+--------+--------+--------+--------+-----+--------+

Top non-repeatable levels by time:
     D:4: 2386 daAuts
     D:1: 1759 daAuts
  Lair:5: 1755 daAuts
     D:6: 1562 daAuts
  Lair:2: 1321 daAuts
  Lair:4: 1321 daAuts
  Lair:6: 1290 daAuts
     D:9: 1265 daAuts
     D:7: 1257 daAuts
     D:8: 1218 daAuts
     D:5: 1153 daAuts
     D:3: 1134 daAuts
  Lair:3: 1124 daAuts
   Orc:2: 1104 daAuts
     D:2: 933 daAuts
